 Dungeon Crawl Stone Soup version 0.17-a0-1301-ga863c44 (webtiles) character file.

76 Slowtrain the Conjurer (level 4, -14/21 HPs)
             Began as a Vine Stalker Wizard on June 7, 2015.
             Demolished by Fluffy's ghost (16 damage)
             ... on level 3 of the Dungeon.
             The game lasted 00:10:38 (2270 turns).

Slowtrain the Conjurer (Vine Stalker Wizard)        Turns: 2270, Time: 00:10:39

Health: -14/21     AC:  3    Str: 10    XL:     4   Next: 32%
Magic:  0/9        EV: 12    Int: 19    God:
Gold:   62         SH:  0    Dex: 12    Spells: 2 memorised, 6 levels left

rFire  . . .     SeeInvis .     i - +1 whip (venom)
rCold  . . .     Clarity  .     a - +0 robe
rNeg   . . .     SustAt   .     (no shield)
rPois  .         Gourm    .     x - +0 helmet
rElec  .         Spirit   +     (no cloak)
rCorr  .         Warding  .     (no gloves)
rMut   .         Stasis   .     (no boots)
MR     .....                    (no amulet)
Stlth  ++........               (no ring)
                                (no ring)

@: lethally poisoned (-14 -> -14), not resistant to hostile enchantments,
unstealthy
A: fangs 2, regeneration 1, magic shield, antimagic bite, no device heal 3, rot
immunity
a: no special abilities


You were on level 3 of the Dungeon.
You were very hungry.

You visited 1 branch of the dungeon, and saw 3 of its levels.

You collected 62 gold pieces.

Inventory:

Hand weapons
 f - a +0 dagger
 i - a +1 whip of venom (weapon)
 k - a cursed -1 dagger
Missiles
 l - 22 stones (quivered)
Armour
 a - a +0 robe (worn)
 b - a +0 hat
 g - a +0 leather armour
 x - a +0 helmet (worn)
Magical devices
 q - a wand of magic darts (24)
Scrolls
 h - a scroll of teleportation {unknown}
 m - a scroll of magic mapping {unknown}
 n - 2 scrolls of fear {unknown}
 p - 3 scrolls of identify {unknown}
 s - a scroll of remove curse {unknown}
 t - a scroll of noise {unknown}
 u - a scroll of recharging {unknown}
 v - a scroll of fog {unknown}
Potions
 j - a potion of agility {unknown}
 r - a potion of poison {unknown}
Books
 c - a book of Minor Magic

   Spells                             Type                      Level
   a - Magic Dart                     Conjuration                  1
   b - Blink                          Translocation                2
   c - Call Imp                       Summoning                    2
   d - Repel Missiles                 Charms/Air                   2
   e - Slow                           Hexes                        2
   f - Conjure Flame                  Conjuration/Fire             3
   g - Mephitic Cloud                 Conjuration/Poison/Air       3
Comestibles
 d - a bread ration
 o - a beef jerky
 w - a meat ration
 z - 3 chunks of flesh


   Skills:
 - Level 1.5 Dodging
 - Level 2.4 Stealth
 - Level 3.2 Spellcasting
 - Level 3.9 Conjurations
 + Level 1.3 Summonings
   Level 1.0 Translocations


You had 6 spell levels left.
You knew the following spells:

 Your Spells              Type           Power        Failure   Level  Hunger
a - Magic Dart            Conj           ###.         3%          1    None
b - Call Imp              Summ           #.......     14%         2    ##.....


Dungeon Overview and Level Annotations

Branches:
Dungeon (3/15)

Altars:
Xom

Annotations:
D:2 Jessica
D:3 Fluffy's ghost, average GrFi


Innate Abilities, Weirdness & Mutations

You have extremely sharp teeth.
Your natural rate of healing is unusually fast.
When hurt, damage is shared between your health and your magic reserves.
Your bite disrupts and absorbs the magic of your enemies.
Potions and wands cannot restore your health.
You are immune to rotting.


Message History

Read which item? (? for menu, Esc to quit)
As you read the scroll labeled LOSKOPI CISO, it crumbles to dust.
It is a scroll of enchant weapon.
Enchant which weapon? (? for menu, Esc to quit)
Your +0 whip of venom glows red for a moment.
The adder barely misses you. Fluffy's ghost closely misses you.
The adder bites you but does no damage.
Unknown command.
Evoke which item? (* to show all) (? for menu, Esc to quit)
Zapping:
q - a wand of magic darts (will waste charges)
Press: ? - help, Shift-Dir - straight line, f/p - adder
Aim: an adder (heavily wounded)
The magic dart hits the adder.
The adder is severely wounded.
Evoking this partially-identified wand wasted a few charges.
The adder bites you.
* * * LOW HITPOINT WARNING * * *
Fluffy's ghost hits you!
Ouch! That really hurt!
You die...

#.# #...#.#.#.#.#
l. #.#
#.###.#.#.#.#g..
#.# #.............#
#.# #.#...##..##..#
#.###.#......)....#
#.........###l#####
#####.#.### #g#
#.#.# #W# #.#.# #@#
#.#.# #S# #.#.# #.#
.#>.# #.# # #.# #.#
#.# #.# #..


You could see Fluffy's ghost, an adder, a goblin and a giant newt.

Vanquished Creatures
  An adder (D:2)
  3 oozes
  2 worms (D:3)
  An orc (D:3)
  8 bats
  7 giant cockroaches
  8 goblins
  3 hobgoblins (D:2)
  8 kobolds
  A giant gecko (D:1)
  A giant newt (D:1)
  5 rats
48 creatures vanquished.

Notes
Turn   | Place    | Note
--------------------------------------------------------------
     0 | D:1      | Slowtrain the Vine Stalker Wizard began the quest for the Orb.
     0 | D:1      | Reached XP level 1. HP: 9/9 MP: 5/5
   266 | D:1      | Reached XP level 2. HP: 13/13 MP: 5/7
   663 | D:1      | Reached XP level 3. HP: 16/16 MP: 8/8
   677 | D:1      | Learned a level 2 spell: Call Imp
  1464 | D:2      | Found a shimmering altar of Xom.
  1482 | D:2      | Noticed Jessica
  1754 | D:2      | Reached XP level 4. HP: 21/21 MP: 5/9
  2036 | D:3      | Noticed Fluffy's ghost (average GrFi)
  2270 | D:3      | Demolished by Fluffy's ghost

Vault maps used:
D:1:      tarquinn_simple_flora_water_b, grunt_decor_mini_mirrors
D:2:      xom_butterflies, uniq_jessica
D:3:      lemuel_round_altar, minmay_misc_feat_nine_boxes

Action                   |  1- 3 |  4- 6 || total
-------------------------+-------+-------++-------
Melee: Unarmed           |     8 |       ||     8
       Whip              |    30 |    15 ||    45
 Cast: Magic Dart        |    65 |    18 ||    83
Evoke: Wand              |       |     1 ||     1
  Use: Scroll            |       |     1 ||     1
 Stab: Sleeping          |     1 |       ||     1
  Eat: Chunk             |     2 |     1 ||     3
